 Dungeon Crawl Stone Soup version 0.25.1-2-g60ff931df9 (webtiles) character file.

Game seed: 8761726746038582890

28531 DildoBatman the Fighter (level 13, -3/103 HPs)
             Began as a Formicid Wizard on Sept 13, 2020.
             Was an Initiate of Gozag.
             Slain by an orc knight
             ... wielding the +5 dire flail of Trog {flame, *Contam rC+++ rN+ MR-}
              (5 damage)
             ... on level 1 of the Orcish Mines.
             The game lasted 01:05:53 (15427 turns).

DildoBatman the Fighter (Formicid Wizard)          Turns: 15427, Time: 01:05:53

Health: -3/103     AC: 14    Str: 12    XL:     13   Next: 74%
Magic:  20/24      EV: 18    Int: 23    God:    Gozag
Gold:   1955       SH: 12    Dex:  9    Spells: 6/26 levels left

rFire    . . .     SeeInvis +   a - +6 halberd (flame)
rCold    + . .     Gourm    .   I - +2 kite shield
rNeg     . . .     Faith    .   o - +4 troll leather armour
rPois    .         Spirit   .   (helmet unavailable)
rElec    .         Reflect  .   n - +2 cloak
rCorr    .         Harm     .   (no gloves)
MR       +....                  h - +0 pair of boots
Stlth    ++........             m - amulet of magic regeneration
HPRegen  0.67/turn              w - +4 ring of evasion
MPRegen  0.44/turn              O - ring of protection from cold

@: gold aura, stab, flying, very slightly contaminated, invisible
A: permanent stasis, dig shafts and tunnels, four strong arms, antennae 3
a: Dig, Shaft Self, Potion Petition, Call Merchant, Bribe Branch, Renounce
Religion


You were on level 1 of the Orcish Mines.
You worshipped Gozag.
Gozag was most pleased with you.
You were very full.

You visited 3 branches of the dungeon, and saw 14 of its levels.
You also visited: Bailey.

You collected 2639 gold pieces.
You spent 294 gold pieces at shops.
You paid 390 gold pieces to Gozag.

Inventory:

Hand Weapons
 a - a +6 halberd of flaming (weapon)
 b - a +1 short sword of venom
 f - a +1 falchion of electrocution
Missiles
 g - 312 stones
 p - 32 bolts
 q - 5 javelins
 y - 275 arrows
 B - 8 poisoned darts (quivered)
 F - 85 sling bullets
 P - 7 throwing nets
Armour
 h - a +0 pair of boots (worn)
 n - a +2 cloak (worn)
 o - a +4 troll leather armour (worn)
 I - a +2 kite shield (worn)
Jewellery
 l - a +4 ring of protection {unknown}
 m - an amulet of magic regeneration (around neck)
 w - a +4 ring of evasion (left hand)
 O - a ring of protection from cold (right hand)
Wands
 e - a wand of paralysis (10)
 i - a wand of iceblast (6)
 G - a wand of flame (36)
 K - a wand of disintegration (16)
Scrolls
 c - 5 scrolls of amnesia {unknown}
 d - a scroll of enchant armour
 s - 4 scrolls of fear {unknown}
 t - 4 scrolls of random uselessness {unknown}
 u - a scroll of immolation {unknown}
 x - 7 scrolls of remove curse
 z - 11 scrolls of identify
 A - 2 scrolls of fog {unknown}
 C - 4 scrolls of magic mapping
 J - a scroll of noise {unknown}
 Q - 4 scrolls of teleportation {unknown}
 U - a scroll of silence {unknown}
Potions
 j - a potion of resistance
 k - 4 potions of magic {unknown}
 r - a potion of invisibility {unknown}
 D - 2 potions of stabbing {unknown}
 E - 4 potions of brilliance {unknown}
 M - 6 potions of curing {unknown}
 N - a potion of might {unknown}
 R - 2 potions of haste {unknown}
 T - 3 potions of flight
Comestibles
 v - 25 rations


   Skills:
 - Level 10.0 Fighting
 - Level 10.0 Armour
 - Level 7.0 Dodging
 - Level 2.4 Stealth
 - Level 9.0 Shields
 * Level 7.4 Spellcasting
 - Level 6.0 Conjurations
   Level 1.0 Summonings
 - Level 9.0 Necromancy
   Level 0.8 Translocations
 - Level 5.0 Fire Magic
 - Level 5.0 Air Magic
 * Level 2.5 Earth Magic


You had 6 spell levels left.
You knew the following spells:

 Your Spells              Type           Power        Failure   Level  Hunger
a - Conjure Flame         Conj/Fire      ####....     2%          3    None
b - Sublimation of Blood  Necr           #####.....   1%          2    None
c - Magic Dart            Conj           ####         1%          1    None
d - Vampiric Draining     Necr           #####.....   1%          3    None
e - Mephitic Cloud        Conj/Pois/Air  ####....     6%          3    None
f - Petrify               Tmut/Erth      ##......     47%         4    ###....
h - Dispel Undead         Necr           #####...     2%          4    ###....

Your spell library contained the following spells:

 Spells                   Type           Power        Failure   Level  Hunger
 Pain                     Necr           ####         1%          1    None
 Corpse Rot               Necr/Air       N/A          1%          2    None
 Animate Dead             Necr           N/A          2%          4    ###....
 Agony                    Necr           #####...     6%          5    #####..
 Corona                   Hex            #......      9%          1    None
 Call Imp                 Summ           ##......     9%          2    None
 Inner Flame              Hex/Fire       ###.....     10%         3    None
 Slow                     Hex            #.......     14%         2    None
 Gell's Gravitas          Tloc           ##........   19%         3    None
 Portal Projectile        Hex/Tloc       ##....       22%         3    None
 Confusing Touch          Hex            #.......     26%         3    None
 Excruciating Wounds      Chrm/Necr      ####......   36%         5    #####..
 Leda's Liquefaction      Hex/Erth       ##........   47%         4    ###....
 Cause Fear               Hex            #.........   65%         4    ###....
 Simulacrum               Ice/Necr       ####......   91%         6    ######.
 Metabolic Englaciation   Hex/Ice        #.........   94%         5    #####..
 Yara's Violent Unravell  Hex/Tmut       #.........   94%         5    #####..
 Haunt                    Necr/Summ      ####......   100%        7    #######
 Borgnjor's Revivificati  Necr           #####.....   100%        8    #######
 Death's Door             Chrm/Necr      ####......   100%        8    #######
 Infestation              Necr           #####.....   100%        8    #######
 Necromutation            Tmut/Necr      ####......   100%        8    #######
 Blink                    Tloc           Unusable     N/A         2    N/A

Dungeon Overview and Level Annotations

Branches:
Dungeon (12/15)            Temple (1/1) D:5            Lair (0/6) D:10
    Orc (1/2) D:12         Bailey (visited)

Altars:
Ashenzari
Cheibriados
Dithmenos
Elyvilon
Fedhas
Gozag
Hepliaklqana
Kikubaaqudgha
Makhleb
Nemelex Xobeh
Okawaru
Qazlal
Ru
Sif Muna
Trog
Uskayaw
Vehumet
Wu Jian
Xom
Yredelemnul
Zin
The Shining One

Shops:
D:4 (   D:5 (   D:7 (*

Annotations:
D:9 2 transporters, tensugalgo's ghost, journeyman HOGl


Innate Abilities, Weirdness & Mutations

You cannot be hasted, slowed, berserked, paralysed or teleported.
You can dig through walls and to a lower floor.
Your four strong arms can wield two-handed weapons with a shield.
You have a pair of large antennae on your head. (SInv)


Message History

Purchase which effect?
You feel much better.
You feel better.
You feel very buoyant.
You fly up into the air.
You feel ready to backstab.
You fade into invisibility!
The orc knight is engulfed in blazing flames.
You block the orc knight's attack.
You are very lightly contaminated with residual magic.
You dig through the rock wall.
The orc knight is engulfed in blazing flames.
You dig through the rock wall.
You hear a shout!
You dig through the rock wall.
The orc knight seems less confused.
The orc knight hits you with the +5 dire flail of Trog {flame, *Contam rC+++ rN+ MR-}!!!
The orc knight burns you.
You die...
Your body crumbles into a pile of gold.

.........## ..#......#
###.o.#.## ##..#.##
####.....##
.##.....#.## ###
..##.......###.##
.###....#.##..#o## ##
##.##..oo####@# ##
#####.### ### .#### ###
### ..#.### #.##
......### ##.##
#...(...## ##)##
##.##....############.#
............<......))##
.........(...........#


You could see an orc knight (berserk).

Vanquished Creatures
  Snorg (D:12)
  An ettin (Orc:1)
  An ogre mage (Orc:1)
  Harold (D:7)
  2 two-headed ogres
  An unseen horror (D:11)
  Pikel (D:2)
  An orc knight (Bailey)
  2 ugly things (D:11)
  An orc sorcerer (Orc:1)
  8 cyclopes (Orc:1)
  Psyche (D:7)
  Maurice (D:8)
  3 centaur skeletons
  A kobold demonologist (D:10)
  2 trolls
  A hornet (D:7)
  6 hippogriffs
  A shadow (D:11)
  A wraith (D:11)
  A vampire (D:11)
  A basilisk (D:10)
  Grum (D:11)
  A human (D:10)
  Eustachio (D:5)
  2 water elementals (D:11)
  7 yaks
  A hungry ghost (D:10)
  4 hogs (D:10)
  4 vampire mosquitoes (D:12)
  Menkaure (D:6)
  A soldier ant (D:12)
  6 wargs
  2 water moccasins
  3 porcupines (D:10)
  Duvessa (D:6)
  15 orc warriors
  5 ice beasts
  6 black bears
  3 sky beasts
  2 eyes of draining (D:11)
  An elf zombie (D:12)
  5 phantoms
  7 centaurs
  9 ogres
  12 wolves
  3 crocodiles
  A big kobold (D:9)
  9 bullfrogs
  A yaktaur skeleton (D:11)
  A wyvern zombie (D:12)
  4 gnoll sergeants
  Blork the orc (D:5)
  Dowan (D:6)
  2 cyclops zombies (D:12)
  A water moccasin skeleton (D:6)
  2 cyclops skeletons (D:11)
  A wyvern skeleton (D:11)
  2 scorpions
  7 killer bees
  17 wights
  3 howler monkeys
  3 electric eels (D:11)
  8 crimson imps
  2 bullfrog zombies
  9 hounds
  A quasit (D:10)
  4 centaur zombies
  4 jellies
  Crazy Yiuf (D:4)
  13 orc priests
  2 gnoll shamans
  17 orc wizards
  3 bullfrog skeletons
  6 iguanas
  6 worker ants
  A killer bee zombie (D:9)
  2 hound zombies
  2 hound skeletons
  A worker ant zombie (D:11)
  33 gnolls
  13 adders
  5 shadow imps
  An adder zombie (D:8)
  An iguana zombie (D:12)
  2 adder skeletons
  2 worms
  4 dart slugs
  4 leopard geckos
  51 orcs
  6 bats
  5 giant cockroaches
  14 goblins
  7 hobgoblins
  22 jackals
  28 kobolds
  7 quokkas
  4 frilled lizards
  A frilled lizard zombie (D:12)
  A goblin skeleton (D:11)
  A goblin zombie (D:12)
  A hobgoblin skeleton (D:11)
  A jackal zombie (D:5)
  A leopard gecko skeleton (D:4)
  5 rats
500 creatures vanquished.

Vanquished Creatures (collateral kills)
  A gnoll shaman (D:7)
1 creature vanquished.

Vanquished Creatures (others)
  An electric eel (D:11)
  An orc wizard (D:9)
  A fungus (D:10)
  2 plants
5 creatures vanquished.

Grand Total: 506 creatures vanquished

Notes
Turn   | Place    | Note
-------+----------+-------------------------------------------
     0 | D:1      | DildoBatman the Formicid Wizard began the quest for the
                  | Orb.
     0 | D:1      | Reached XP level 1. HP: 13/13 MP: 4/4
    21 | D:1      | Reached skill level 1 in Conjurations
   328 | D:1      | Reached XP level 2. HP: 11/19 MP: 0/6
   664 | D:1      | Reached XP level 3. HP: 24/24 MP: 4/7
  1421 | D:2      | Reached XP level 4. HP: 28/30 MP: 2/8
  1479 | D:2      | Learned a level 3 spell: Conjure Flame
  1483 | D:2      | Learned a level 3 spell: Mephitic Cloud
  2708 | D:4      | Noticed Pikel
  2708 | D:4      | Noticed a slave
  2709 | D:4      | Noticed a slave
  2711 | D:4      | Noticed a slave
  2711 | D:4      | Noticed a slave
  2712 | D:4      | Noticed a phantom
  2888 | D:4      | Found a bloodstained altar of Trog.
  2888 | D:4      | Found a basalt altar of Yredelemnul.
  3294 | D:4      | Found a runed translucent door.
  3295 | D:4      | Noticed Crazy Yiuf
  3330 | D:4      | Reached XP level 5. HP: 30/35 MP: 2/9
  3432 | D:4      | Noticed a phantom
  3693 | D:4      | Found Daihi's Antique Weapon Shop.
  3948 | D:3      | Found a glowing silver altar of Zin.
  3990 | D:5      | Entered Level 5 of the Dungeon
  4098 | D:4      | Reached skill level 5 in Conjurations
  4098 | D:4      | Reached XP level 6. HP: 30/41 MP: 6/10
  4212 | D:5      | Found a staircase to the Ecumenical Temple.
  4222 | Temple   | Entered the Ecumenical Temple
  4437 | Temple   | Became a worshipper of Kikubaaqudgha
  4598 | D:2      | Killed Pikel
  4598 | D:2      | Reached XP level 7. HP: 37/46 MP: 4/11
  4639 | D:3      | Reached XP level 8. HP: 32/52 MP: 5/12
  4863 | D:4      | Killed Crazy Yiuf
  4925 | D:5      | Noticed Blork the orc
  4928 | D:5      | Identified the +1 robe of the Lost Path {rF+}
  5210 | D:5      | Found Hicub's Antique Weapon Shop.
  5452 | D:5      | Found a white marble altar of Elyvilon.
  5475 | D:5      | Killed Blork the orc
  5475 | D:5      | Reached skill level 5 in Fire Magic
  5563 | D:5      | Noticed Eustachio
  5580 | D:5      | Killed Eustachio
  5819 | D:6      | Noticed Dowan
  5819 | D:6      | Noticed Duvessa
  5843 | D:6      | Killed Duvessa
  5843 | D:6      | Reached skill level 5 in Air Magic
  5843 | D:6      | Reached XP level 9. HP: 44/58 MP: 3/13
  5850 | D:6      | Killed Dowan
  5850 | D:6      | Reached skill level 1 in Fighting
  5850 | D:6      | Reached skill level 1 in Armour
  5988 | D:6      | Reached * piety under Kikubaaqudgha
  5988 | D:6      | Identified Kikubaaqudgha's Handbook of Evil (Kikubaaqudgha
                  | gifted it to you on level 6 of the Dungeon)
  5988 | D:6      | Received a gift from Kikubaaqudgha
  6180 | D:6      | Noticed Menkaure
  6210 | D:6      | Killed Menkaure
  6402 | D:6      | Found a shadowy altar of Dithmenos.
  6402 | D:6      | Found a blossoming altar of Fedhas.
  6403 | D:6      | Found a hide-covered altar of Uskayaw.
  6447 | D:6      | Reached skill level 1 in Shields
  6612 | D:6      | Reached XP level 10. HP: 47/71 MP: 7/14
  6635 | D:6      | Reached ** piety under Kikubaaqudgha
  6978 | D:6      | Reached skill level 5 in Shields
  7162 | D:7      | Found Xuurch's Antique Weapon Boutique.
  7204 | D:7      | Noticed Harold
  7240 | D:7      | Killed Harold
  7386 | D:7      | Reached *** piety under Kikubaaqudgha
  7386 | D:7      | Identified Kikubaaqudgha's Guide on Evil Rituals
                  | (Kikubaaqudgha gifted it to you on level 7 of the Dungeon)
  7386 | D:7      | Received a gift from Kikubaaqudgha
  7425 | D:7      | Reached skill level 1 in Necromancy
  7475 | D:7      | Found a flagged portal.
  7502 | Bailey   | Entered a bailey
  7507 | Bailey   | Learned a level 3 spell: Vampiric Draining
  7510 | Bailey   | Learned a level 2 spell: Sublimation of Blood
  7515 | Bailey   | Learned a level 4 spell: Petrify
  7537 | Bailey   | Noticed an orc knight
  7544 | Bailey   | Killed an orc knight
  7550 | Bailey   | Reached XP level 11. HP: 38/78 MP: 3/17
  7662 | Bailey   | Got a spiked chain mail
  7754 | D:7      | Reached **** piety under Kikubaaqudgha
  7754 | D:7      | Reached skill level 5 in Fighting
  7904 | D:7      | Found Zesere's Assorted Antiques.
  7912 | D:7      | Bought a coppery potion for 22 gold pieces
  7912 | D:7      | Bought a scroll of identify for 50 gold pieces
  7912 | D:7      | Bought a scroll of identify for 50 gold pieces
  7912 | D:7      | Bought a scroll of identify for 50 gold pieces
  7912 | D:7      | Bought a scroll of identify for 50 gold pieces
  7912 | D:7      | Bought a scroll labeled WEISEL MAUSM for 25 gold pieces
  7912 | D:7      | Bought a scroll labeled BEKHUE ESKA for 25 gold pieces
  7912 | D:7      | Bought a cyan potion for 22 gold pieces
  7922 | D:7      | Identified the +1 chain mail of Asceticism {rPois Dex+3}
                  | (You found it in a bailey)
  8016 | D:7      | Reached skill level 5 in Armour
  8339 | D:8      | Noticed Psyche
  8382 | D:7      | Killed Psyche
  8445 | D:8      | Reached skill level 5 in Dodging
  8464 | D:8      | Noticed Maurice
  8497 | D:8      | Killed Maurice
  8621 | D:8      | Reached skill level 5 in Spellcasting
  8676 | D:8      | Learned a level 4 spell: Dispel Undead
  9200 | D:8      | Reached ***** piety under Kikubaaqudgha
  9228 | D:8      | You fall into a shaft and drop 2 floors!
  9228 | D:10     | Entered Level 10 of the Dungeon
  9520 | D:10     | Found a staircase to the Lair.
  9878 | D:10     | Got a tiger eye-encrusted plate armour
 10195 | D:10     | Identified the +6 plate armour of the Nightingale {Str+4}
                  | (You found it on level 10 of the Dungeon)
 10445 | D:9      | Reached skill level 5 in Necromancy
 10445 | D:9      | Reached XP level 12. HP: 41/91 MP: 6/19
 10957 | D:9      | Noticed tensugalgo's ghost (journeyman HOGl)
 10963 | D:9      | Found a transporter.
 10965 | D:9      | Found a transporter.
 11074 | D:9      | Found a hazy altar of Hepliaklqana.
 11174 | D:8      | Got a shimmering ring mail
 11185 | D:8      | Identified the +1 ring mail "Afraant" {Int+3 Dex+3} (You
                  | found it on level 8 of the Dungeon)
 11757 | D:11     | Noticed Grum
 11772 | D:11     | Killed Grum
 11816 | D:11     | Noticed an unseen horror
 11830 | D:11     | Killed an unseen horror
 12188 | D:11     | Reached ****** piety under Kikubaaqudgha
 12197 | D:10     | Received a gift from Kikubaaqudgha
 12201 | D:10     | Fell from the grace of Kikubaaqudgha
 12360 | Temple   | Became a worshipper of Gozag Ym Sagoz the Greedy
 12516 | D:2      | You are sucked into a shaft and drop 2 floors!
 12881 | D:11     | Noticed a two-headed ogre
 12892 | D:11     | Killed a two-headed ogre
 13617 | D:12     | Found a staircase to the Orcish Mines.
 13689 | D:12     | Noticed Snorg
 13713 | D:12     | Reached XP level 13. HP: 91/100 MP: 10/22
 13722 | D:12     | Killed Snorg
 13995 | D:12     | Found an opulent altar of Gozag.
 14673 | Orc:1    | Entered Level 1 of the Orcish Mines
 14716 | Orc:1    | Noticed an ettin
 14729 | Orc:1    | Killed an ettin
 14760 | Orc:1    | Noticed an ogre mage
 14780 | Orc:1    | Killed an ogre mage
 14983 | Orc:1    | Reached skill level 10 in Fighting
 14986 | Orc:1    | Reached skill level 10 in Armour
 15105 | Orc:1    | Reached skill level 1 in Earth Magic
 15371 | Orc:1    | Identified the +5 dire flail of Trog {flame, *Contam rC+++
                  | rN+ MR-}
 15427 | Orc:1    | HP: 2/103 [orc knight/the +5 dire flail of Trog {flame,
                  | *Contam rC+++ rN+ MR-} (50)]
 15427 | Orc:1    | Slain by an orc knight

Illustrated notes

Levels and vault maps discovered:
D:1:      minmay_arrival_stair_chambers, layout_basic, serial_curves,
          eino_curves_03, eino_curves_03
D:2:      layout_loops_ring, corexii_item_surrounded_by_moat
D:3:      lemuel_upstairs_altar, layout_loops_ring, first_ration
D:4:      layout_basic, gammafunk_temple_overflow_elements, serial_shops,
          nicolae_shop_behind_doors, uniq_crazy_yiuf_cottage, uniq_pikel
D:5:      layout_loops_cross, elyvilon_altar_3, minmay_temple_entry_crystal_x,
          serial_shops, shop, uniq_eustachio, uniq_blork_the_orc
D:6:      layout_loops_ring, chequers_temple_overflow_statue_of_worship,
          minmay_divided_ellipse, uniq_menkaure, uniq_duvessa
D:7:      layout_cave_pools, serial_shops, shop, serial_gnoll_camp,
          gnoll_camp_medium_02, gnoll_camp_mini_hut, gnoll_camp_mini_basic,
          gnoll_camp_mini_shop, gnoll_camp_mini_doghouse,
          gnoll_camp_mini_sergeant, enter_bailey_3, minmay_crystal_water,
          uniq_harold
D:8:      layout_basic, uniq_maurice, uniq_psyche
D:9:      layout_cave_pools, nicolae_overflow_hidden_temple,
          gammafunk_ghost_hive
D:10:     layout_roguey, minmay_lair_entry_grove, grunt_livestock
D:11:     layout_basic, uniq_grum
D:12:     layout_irregular_city, david_orc_1_choice, basic_altar, uniq_snorg
Temple:   regret_index_temple_generic_petals
Orc:1:    giant_chief_lemuel, layout_caves, basic_altar

Skill      XL: |  1  2  3  4  5  6  7  8  9 10 11 12 13 |
---------------+----------------------------------------+-----
Conjurations   | 1 2 3 4 5 6 |  6.0
Fire Magic     | 3 5 |  5.0
Air Magic      | 2 5 |  5.0
Dodging        | 2 3 4 6 7 |  7.0
Fighting       | 4 7 8 10 | 10.0
Armour         | 4 7 8 10 | 10.0
Shields        | 4 9 |  9.0
Necromancy     | 2 5 7 9 |  9.0
Spellcasting   | 4 5 6 7 |  7.4
Earth Magic    | 2 |  2.5
Stealth        | |  2.4
Summonings     | |  1.0
Translocations | |  0.8

Action                   |  1- 3 |  4- 6 |  7- 9 | 10-12 | 13-15 || total
-------------------------+-------+-------+-------+-------+-------++-------
Melee: Dagger            |     2 |       |       |       |       ||     2
       Short sword       |    20 |    25 |       |    32 |    10 ||    87
       Rapier            |       |    20 |    60 |       |       ||    80
       Halberd           |       |       |    71 |   658 |   234 ||   963
       Falchion          |       |       |    45 |       |       ||    45
       Great sword       |       |       |    12 |    55 |       ||    67
Throw: Dart              |       |     9 |       |       |       ||     9
 Cast: Magic Dart        |    75 |    83 |    70 |    60 |     5 ||   293
       Mephitic Cloud    |       |     9 |    21 |    86 |    30 ||   146
       Conjure Flame     |       |     1 |    22 |    91 |    15 ||   129
       Vampiric Draining |       |       |       |     8 |    18 ||    26
       Sublimation of Bl |       |       |       |     1 |       ||     1
       Dispel Undead     |       |       |       |     6 |     8 ||    14
Invok: Receive Necronomi |       |       |       |     1 |       ||     1
       Renounce Religion |       |       |       |     1 |       ||     1
       Potion Petition   |       |       |       |       |     1 ||     1
 Abil: Dig               |     1 |     7 |    13 |    37 |     6 ||    64
       Shaft Self        |       |       |       |     1 |       ||     1
  Use: Scroll            |       |     3 |       |    13 |       ||    16
       Potion            |       |       |       |     1 |       ||     1
 Stab: Sleeping          |     1 |     2 |       |     5 |       ||     8
       Confused          |       |       |     9 |    28 |     7 ||    44
       Distracted        |       |       |       |       |     1 ||     1
  Eat: Chunk             |     2 |     7 |    12 |    33 |       ||    54
       Ration            |       |     1 |       |     3 |     3 ||     7
Armor: Robe              |    13 |    13 |    25 |    63 |       ||   114
       Troll leather arm |       |       |       |    30 |    20 ||    50
       Ring mail         |       |       |       |     4 |       ||     4
Dodge: Dodged            |    27 |    85 |   120 |   359 |    97 ||   688
Block: Kite shield       |       |       |       |   352 |   111 ||   463
       Buckler           |       |       |       |     7 |       ||     7
       Rpst.: Falchion   |       |       |    19 |       |       ||    19
       Great sword       |       |       |     2 |    11 |       ||    13
